[Event "*** Titled Tuesday Blitz"]
[Site "Chess.com"]
[Date "2020.10.20"]
[Round "5"]
[White "MatyChess1"]
[Black "Rozum_Ivan"]
[Result "0-1"]
[WhiteElo "2548"]
[BlackElo "2739"]
[TimeControl "180+1"]
[EndTime "10:58:20 PDT"]
[Termination "Rozum_Ivan won by resignation"]

1. e4 c5 2. Nf3 d6 3. Nc3 a6 4. g3 g6 5. d4 cxd4 6. Nxd4 Nf6 7. Bg2 Bg7 8. O-O O-O 9. h3 Nc6 10. Nde2 Rb8 11. Rb1 b5 12. Be3 Bd7 13. Nd5 Re8 14. b3 Qc8 15. Kh2 Nxd5 16. exd5 Nb4 17. c3 Nxa2 18. Bd4 Bxd4 19. Qxd4 b4 20. c4 Qc5 21. Qd2 Nc3 22. Nxc3 bxc3 23. Qxc3 Rb4 24.
Ra1 a5 25. h4 a4 26. bxa4 Rxc4 27. Qb3 Rb4 28. Qd1 Ra8 29. Re1 Qxf2 30. Rxe7 Rb2 31. Qf1 Rxa4 32. Qxf2 Rxf2 33. Rf1 Rxf1 34. Bxf1 Bf5 35. Re8+ Kg7 36. Rd8 Ra2+ 37. Kg1 Kf6 38.
Rxd6+ Ke5 39. Rd8 Rd2 40. Bg2 h5 41. Re8+ Kd4 42. Re1 Bg4 43. Rf1 f5 44. Re1 Kc5 45.
Re6 f4 46. Rc6+ Kb5 47. gxf4 Bf5 48. Bf1+ Kb4 49. Bg2 Rd4 50. Rc1 Rxf4 51. Rf1 Rxh4 52. Rf2 Rd4 53. Re2 Kc5 54. Rf2 Kd6 55. Kh2 Rd3 56. Rf1 Rd2 57. Kg1 h4 58. Re1 h3 59.
Bh1 h2+ 60. Kf1 Bd3+ 0-1

[Event "*** Titled Tuesday Blitz"]
[Site "Chess.com"]
[Date "2020.10.20"]
[Round "5"]
[White "bascheyaro"]
[Black "korbul"]
[Result "1-0"]
[WhiteElo "2731"]
[BlackElo "2530"]
[TimeControl "180+1"]
[EndTime "10:58:20 PDT"]
[Termination "bascheyaro won by resignation"]

1. d4 Nf6 2. Nf3 b6 3. Bf4 Bb7 4. e3 g6 5. Bd3 Bg7 6. O-O O-O 7. Nbd2 d6 8. h3 c5 9. Qe2 a6 10. a4 Nbd7 11. Rfd1 Qb8 12. Bg3 Qa7 13. c3 Rac8 14. Nc4 Qa8 15. dxc5 bxc5 16. Na5 Bxf3 17. Qxf3 Rfe8 18.
Qxa8 Rxa8 19. Rab1 Nb6 20. Bc2 Nfd7 21. f4 Rec8 22.
Bh4 Nf6 23. Bxf6 Bxf6 24. Be4 Ra7 25. Bc2 Kf8 26. Kf2 c4 27. g4 Rc5 28. b4 cxb3 29. Nxb3 Rc8 30. Nd4 Bxd4 31. Rxd4 Nd7 32. Rb3 Nc5 33. Rb6 a5 34. Rc4 Rcc7 35. Ke2 Rab7 36. Rxb7 Rxb7 37. Rd4 Rb2 38. Rd2 Ra2 39. h4 h6 40. g5 hxg5 41. hxg5 Kg7 42. Bd1 Ra3 43. Rb2 Nxa4 44. Bxa4 Rxa4 45. Kd3 d5 46. Rb7 e6 47. Ra7 Ra2 48. Ra8 a4 49. Ra7 a3 50. c4 dxc4+ 51. Kxc4 Ra1 52. Kd4 a2 53. Ke4 Kf8 54. Ke5 Ke8 55. Kf6 e5 56. Ra8+ Kd7 57. Kxf7 exf4 58.
exf4 Kc6 59. Kxg6 Kb7 60. Ra3 Kb6 61. f5 Kb5 62. f6 Kb4 63. Ra8 Kb3 64. f7 Rf1 65. Kg7 Rf4 66. Rxa2 Kxa2 67. f8=Q Rxf8 68. Kxf8 1-0

[Event "*** Titled Tuesday Blitz"]
[Site "Chess.com"]
[Date "2020.10.20"]
[Round "5"]
[White "IwkooO"]
[Black "Manukyan_Artak"]
[Result "0-1"]
[WhiteElo "2618"]
[BlackElo "2422"]
[TimeControl "180+1"]
[EndTime "10:58:21 PDT"]
[Termination "Manukyan_Artak won by resignation"]

1. e4 c6 2. d4 d5 3. e5 Bf5 4.
Nd2 e6 5. Nb3 Nd7 6. Nf3 a6 7.
Be2 h6 8. O-O c5 9. dxc5 Nxc5 10. Be3 Nxb3 11. axb3 Rc8 12. c4 dxc4 13. bxc4 Qxd1 14.
Rfxd1 Ne7 15. Nd4 Be4 16. b4 Nc6 17. Nxc6 Bxc6 18. b5 axb5 19. cxb5 Bd5 20. b6 Bc6 21.
Rac1 Rd8 22. Rxd8+ Kxd8 23. Ra1 g5 24. Bc5 Bg7 25.
Bd6 Kc8 26. Bh5 f6 27. Bf7 Kd7 28. Rd1 Bd5 29. exf6 Bxf6 30. Bc7 Ra8 31. Bg6 Ra1 32. Rxa1 Bxa1 33. Bc2 Bd4 34. h3 e5 35. g3 e4 36. Kf1 Ke6 37. h4 Bc6 38. hxg5 hxg5 39. Bb3+ Kf5 40. Bd8 e3 41. Bc2+ Be4 42. Bxe4+ Kxe4 43. Bxg5 exf2 44. Bd8 Kf3 45. Bc7 Be3 46. Bd8 Kxg3 47.
Bc7+ Kf3 48. Bd8 Bc5 49. Bc7 Ke4 50. Bd8 Kd5 51. Bh4 Kc6 52. Bxf2 Bxf2 53. Kxf2 Kxb6 54. Ke3 Kb5 55. Kd3 Kb4 56. Kc2 b6 57. Kb2 b5 58.
Kc2 Ka3 59. Kc3 b4+ 0-1

[Event "*** Titled Tuesday Blitz"]
[Site "Chess.com"]
[Date "2020.10.20"]
[Round "5"]
[White "Ariadna_Atreides"]
[Black "Walter_White_Poland"]
[Result "1/2-1/2"]
[WhiteElo "2064"]
[BlackElo "2300"]
[TimeControl "180+1"]
[EndTime "10:58:21 PDT"]
[Termination "Game drawn by repetition"]

1. d4 Nf6 2. Nf3 c5 3. e3 d5 4. Bd3 Nc6 5. O-O Bg4 6. c3 e6 7. h3 Bh5 8. Nbd2 Be7 9. Qc2 O-O 10. Ne5 Rc8 11. Nxc6 Rxc6 12. dxc5 Rxc5 13. e4 e5 14.
exd5 Rxd5 15. Bc4 Rd7 16. Ne4 Qc7 17. Nxf6+ Bxf6 18. Bd3 Bg6 19. Bxg6 hxg6 20. Be3 Rfd8 21. Rfd1 b6 22. Qa4 Rd5 23. Rxd5 Rxd5 24. Rd1 Rxd1+ 25. Qxd1 Qc4 26. a3 e4 27. Qd7 a6 28. Bxb6 Qb3 29. Qe8+ Kh7 30. Bd4 Bxd4 31. cxd4 Qd1+ 32. Kh2 Qxd4 33.
Qxf7 Qxb2 34. Qf4 Qe2 35. Qh4+ Kg8 36. Qd8+ Kf7 37. Qd7+ Kf6 38. Qd6+ Kg5 39. Qe5+ Kh6 40. Qf4+ g5 41. Qd6+ Kh7 42. Qe5 Qxf2 43. Qxe4+ Kh6 44.
Qe6+ Qf6 45. Qe4 Qf4+ 46. Qxf4 gxf4 47. g3 Kg5 48. gxf4+ Kxf4 49. Kg2 g5 50. Kf2 Ke5 51. Ke3 Kf5 52. Kf3 Kf6 53. Ke4 Ke6 54. a4 a5 55. Kd4 Kd6 56. Kc4 Kc6 57. Kd4 Kd6 58.
Kc4 Kc6 59. Kd4 Kd6 1/2-1/2

[Event "*** Titled Tuesday Blitz"]
[Site "Chess.com"]
[Date "2020.10.20"]
[Round "5"]
[White "Ind1anStar"]
[Black "krasavetc"]
[Result "0-1"]
[WhiteElo "2431"]
[BlackElo "2336"]
[TimeControl "180+1"]
[EndTime "10:58:22 PDT"]
[Termination "krasavetc won on time"]

1. c4 e6 2. Nf3 d5 3. e3 dxc4 4. Bxc4 Nf6 5. Nc3 c6 6. O-O b5 7.
Be2 Nbd7 8. d4 Bb7 9. b3 Bb4 10. Bb2 O-O 11. Rc1 a6 12. a3 Be7 13. e4 c5 14. e5 Nd5 15. Ne4 cxd4 16. Qxd4 h6 17.
Rfd1 Qa5 18. b4 Qb6 19. Qxb6 N7xb6 20. Nc5 Bxc5 21. bxc5 Na4 22. Bd4 Rac8 23. g3 Rfd8 24. Rd3 Ndb6 25. Nd2 Rd5 26. Bf3 Nxc5 27. Bxc5 Rxd3 28.
Bxb7 Rc7 29. Ne4 Rxb7 30. Nd6 Rb8 31. Rb1 Na4 32. Bb4 Rd8 33. Rc1 Rd5 34. f4 Nb2 35. Rc7 Nd3 36. Nxf7 R8d7 37. Rxd7 Rxd7 38. Nd6 Nxb4 39.
axb4 Kf8 40. Kf2 Ke7 41. Ke3 Rc7 42. Kd4 Rc1 43. h3 Rd1+ 44. Kc5 Rc1+ 45. Kb6 Rc4 46. Kxa6 Rxb4 47. Nxb5 Rb3 48. g4 Rxh3 49. f5 exf5 50. gxf5 Rh5 51. Nd6 g6 52. fxg6 Rxe5 53. g7 Rg5 54.
Nf5+ Kf7 55. Nxh6+ Kxg7 0-1

[Event "*** Titled Tuesday Blitz"]
[Site "Chess.com"]
[Date "2020.10.20"]
[Round "5"]
[White "queen_iryna"]
[Black "witcher8"]
[Result "0-1"]
[WhiteElo "2306"]
[BlackElo "2435"]
[TimeControl "180+1"]
[EndTime "10:58:22 PDT"]
[Termination "witcher8 won on time"]

1. e4 c6 2. d4 d5 3. Nc3 dxe4 4. Nxe4 Bf5 5. Ng3 Bg6 6. h4 h6 7. Nf3 Nd7 8. h5 Bh7 9. Bd3 Bxd3 10. Qxd3 e6 11. Bd2 Be7 12. O-O-O Ngf6 13. Ne4 Nxe4 14. Qxe4 Nf6 15. Qe2 Qd5 16. Kb1 Qb5 17. c4 Qf5+ 18. Ka1 O-O-O 19. Bc3 Bd6 20. Ne5 Bxe5 21. dxe5 Ne4 22.
Bd4 c5 23. Be3 Qxe5 24. Bxc5 Qxc5 25. Qxe4 Qxf2 26. c5 Rxd1+ 27. Rxd1 Rd8 28. Rxd8+ Kxd8 29. Qd3+ Kc8 30. a3 Qxc5 31. Qg3 Qd4 32. Qf3 f5 33. Qb3 Qd5 34. Qc3+ Kd7 35. Qxg7+ Kd6 36. Qxh6 Qxg2 37. Qf4+ Kd5 38. h6 Qh1+ 39. Ka2 Qh3 40. Qd2+ Ke5 41.
Qe2+ Kf6 42. Qd2 Kg6 43. Qd6 Qe3 44. Qf8 Qxh6 45. Qe8+ Kf6 46. Qd8+ Kg6 47. Qe8+ Kg5 48. Qe7+ Qf6 49. Qxb7 f4 50. Qg2+ Kf5 51. Qc2+ Kg5 52. Qg2+ Kh6 53. Qh3+ Kg7 54. Qg4+ Kf7 55. Qh5+ Ke7 56.
Qc5+ Kf7 57. Qh5+ Qg6 0-1

[Event "*** Titled Tuesday Blitz"]
[Site "Chess.com"]
[Date "2020.10.20"]
[Round "5"]
[White "nitpicker"]
[Black "maxip32"]
[Result "0-1"]
[WhiteElo "2294"]
[BlackElo "2431"]
[TimeControl "180+1"]
[EndTime "10:58:22 PDT"]
[Termination "maxip32 won by resignation"]

1. d4 Nf6 2. c4 g6 3. Nc3 Bg7 4. e4 d6 5. Be2 O-O 6. Nf3 e5 7.
d5 a5 8. Be3 Na6 9. Nd2 Nd7 10.
a3 f5 11. f3 c5 12. dxc6 bxc6 13. b4 Bb7 14. Qb3 Kh8 15. O-O Qe7 16. Rfd1 Bf6 17.
Nf1 Rfd8 18. Ra2 axb4 19. axb4 c5 20. b5 Nb4 21. Rad2 Nb6 22. Bf2 Bg5 23. Ne3 fxe4 24. Nxe4 Bxe4 25. fxe4 Nc8 26. Nd5 Nxd5 27. Rxd5 Nb6 28.
R5d3 Qf8 29. h4 Be7 30. g3 Qg8 31. Rc3 Ra4 32. Kg2 Rda8 33. Qc2 Ra2 34. Qd3 Qf7 35. Qf3 Qxf3+ 36. Kxf3 R8a4 37. Bf1 Kg7 38. Be3 Rb2 39. Rd2 Rbb4 40. Rdc2 h6 41. Be2 Ra1 42. Bd3 Raa4 43. Be2 g5 44. hxg5 Bxg5 45. Bxg5 hxg5 46. Ke3 Kf6 47. Kd3 Nd7 48. Bg4 Nf8 49. Bf5 Ke7 50. Bg4 Ne6 51. Bf5 Nd4 52. Bg4 Nxc2 53. Rxc2 Rb3+ 54. Rc3 Rxc3+ 55. Kxc3 Ra3+ 56. Kb2 Rxg3 57. b6 Kd8 58. b7 Kc7 59. Be6 Re3 60. Bd5 g4 61. Kc2 g3 62. Kd2 g2 63. Kxe3 g1=Q+ 64. Kf3 Qf1+ 65. Ke3 Qf4+ 0-1

[Event "*** Titled Tuesday Blitz"]
[Site "Chess.com"]
[Date "2020.10.20"]
[Round "5"]
[White "Jumbo"]
[Black "Borsuk_Konstantin"]
[Result "1-0"]
[WhiteElo "2773"]
[BlackElo "2565"]
[TimeControl "180+1"]
[EndTime "10:58:23 PDT"]
[Termination "Jumbo won by resignation"]

1. d4 Nf6 2. Bf4 b6 3. c4 e6 4.
a3 Bb7 5. Nc3 h6 6. e3 d6 7. h3 Nbd7 8. Nf3 a6 9. Qc2 g6 10. e4 Bg7 11. Be3 c5 12. d5 e5 13.
Be2 g5 14. h4 g4 15. Nd2 h5 16. Nf1 Nf8 17. Ng3 Ng6 18. Nf5 Bf8 19. g3 Ng8 20. f3 gxf3 21. Bxf3 N6e7 22. Bg5 Bc8 23. O-O-O f6 24. Be3 Kd7 25. Qe2 Nxf5 26. exf5 Kc7 27. Bxh5 Bxf5 28. Rdf1 Bh7 29. Bg4 Nh6 30. Be6 f5 31.
Bg5 Qe8 32. g4 fxg4 33. Rf6 Bg7 34. Rxh6 Bxh6 35. Bxh6 Qg6 36. Be3 Raf8 37. h5 Qg7 38.
Bd2 Bf5 39. Bxf5 Rxf5 40. h6 Qg6 41. Ne4 Rf3 42. Rg1 Qf5 43. a4 Rf8 44. a5 Qg6 45. axb6+ Kxb6 46. Nc3 Ka7 47. Qe4 Qh5 48. Qxg4 Rf1+ 49. Kc2 Qe8 50. Qg6 Ka8 51. Qxe8+ Rxe8 52. Rxf1 e4 53. Rh1 Kb7 54. Be1 Rh8 55. Ne2 e3 56. Rh3 Rh7 57. Rxe3 Kc7 58. Re6 1-0

[Event "*** Titled Tuesday Blitz"]
[Site "Chess.com"]
[Date "2020.10.20"]
[Round "5"]
[White "shineatchess"]
[Black "anon481216"]
[Result "1/2-1/2"]
[WhiteElo "2199"]
[BlackElo "2406"]
[TimeControl "180+1"]
[EndTime "10:58:23 PDT"]
[Termination "Game drawn by repetition"]

1. e4 c5 2. Nf3 Nc6 3. Bb5 d6 4. O-O Bd7 5. c3 a6 6. Bxc6 Bxc6 7. Re1 Nf6 8. Qc2 e6 9. d4 Be7 10. Nbd2 cxd4 11. cxd4 Rc8 12. Qb3 O-O 13. h3 b5 14.
Qe3 Qb6 15. b3 Qb7 16. Bb2 Rfe8 17. Rac1 h6 18. Rc2 Bd7 19. Rec1 Rxc2 20. Rxc2 Rc8 21. Qd3 Rxc2 22. Qxc2 Qc6 23. Qd3 Bc8 24. a3 Bb7 25.
e5 Nd5 26. g3 a5 27. h4 Bf8 28. h5 Ba6 29. Qe4 a4 30. b4 Bb7 31. Kh2 Nb6 32. Qxc6 Bxc6 33. Kg1 f6 34. exd6 Bxd6 35. Kf1 Bd5 36. Ke2 Kf7 37. Ke3 Nc4+ 38. Nxc4 Bxc4 39. Nd2 Bd5 40. Kd3 Ke7 41. Ne4 Bc7 42. Nc5 Kd6 43. Ke3 Kc6 44. Kd3 Bd6 45. Ke3 Be7 46. Kd3 Bc4+ 47. Ke3 Kd5 48. f3 Bd8 49. g4 Bb6 50.
Nb7 e5 51. Nc5 Bxc5 52. dxc5 Kc6 53. Bc3 Kd5 54. Bb2 Kc6 55. Bc3 Kd5 56. Bb2 1/2-1/2

[Event "*** Titled Tuesday Blitz"]
[Site "Chess.com"]
[Date "2020.10.20"]
[Round "5"]
[White "Sadykov_Ramil"]
[Black "TimofeevAr"]
[Result "0-1"]
[WhiteElo "2546"]
[BlackElo "2791"]
[TimeControl "180+1"]
[EndTime "10:58:25 PDT"]
[Termination "TimofeevAr won by resignation"]

1. d4 Nf6 2. Nc3 g6 3. e4 d6 4.
Be3 c6 5. Qd2 b5 6. f3 b4 7. Nd1 a5 8. a3 bxa3 9. Rxa3 Nbd7 10. Bd3 Bg7 11. Ne2 O-O 12. O-O c5 13. c3 Qc7 14. Nf2 Bb7 15. Rfa1 h5 16. Bb5 Nb6 17. b3 Nfd7 18. Qa2 Rfc8 19. Nd3 Bc6 20. Bxc6 Qxc6 21. Nb2 Kh7 22. h3 Ra7 23. Na4 Rca8 24.
Qd2 Nxa4 25. Rxa4 Nb6 26. R4a2 a4 27. bxa4 Rxa4 28. Rxa4 Rxa4 29. Rxa4 Nxa4 30. Kh2 Nb6 31. Qd3 c4 32. Qb1 Qc7 33. Kg1 d5 34. e5 e6 35.
f4 Qa7 36. Kf2 Nc8 37. Qb5 Ne7 38. Qe8 Nf5 39. g4 hxg4 40. hxg4 Nh6 41. g5 Nf5 42. Ng3 Qe7 43. Qxe7 Nxe7 44. Ne2 Nc6 45. Bc1 Bf8 46. Ke1 Na5 47. Kd2 Nb3+ 48. Kc2 Kg7 49. Bb2 Be7 50. Nc1 Na5 51. Ne2 Kf8 52. Nc1 Ke8 53. Kb1 Kd7 54. Ka2 Kc7 55. Ba3 Nc6 56. Bxe7 Nxe7 57. Ka3 Kb6 58. Kb4 Nf5 59. Ne2 Ne3 60. Ka4 Nc2 61. Nc1 Ne1 62. Ne2 Nd3 63. Ka3 Ka5 64. Ka2 Ka4 65. Kb1 Kb3 66. Ka1 Kc2 67. Ka2 Kd2 0-1

[Event "*** Titled Tuesday Blitz"]
[Site "Chess.com"]
[Date "2020.10.20"]
[Round "5"]
[White "plumalka"]
[Black "picturesquecheck"]
[Result "1/2-1/2"]
[WhiteElo "2421"]
[BlackElo "2134"]
[TimeControl "180+1"]
[EndTime "10:58:25 PDT"]
[Termination "Game drawn by repetition"]

1. e4 c5 2. Nf3 Nc6 3. d4 cxd4 4. Nxd4 Nf6 5. Nc3 d6 6. Bg5 e6 7. Bb5 Bd7 8. Bxc6 Bxc6 9. Nxc6 bxc6 10. e5 dxe5 11. Qf3 Qb6 12. Bxf6 gxf6 13. Qxf6 Rg8 14.
O-O Bg7 15. Qf3 Qc7 16. Ne4 Rd8 17. Rad1 Rd5 18. Qa3 f5 19. Nd6+ Kd7 20. Nc4 Bf8 21. Qh3 Kc8 22. Ne3 Rxd1 23. Rxd1 Bc5 24. c3 Qg7 25.
Nf1 Qg4 26. Qxg4 Rxg4 27. Ne3 Bxe3 28. fxe3 Ra4 29. a3 Re4 30. Kf2 Kc7 31. h3 f4 32.
exf4 Rxf4+ 33. Ke3 Ra4 34. Rf1 Kd6 35. Rf7 h6 36. Rh7 Ra6 37. Rxh6 Rb6 38. b4 Ra6 39. g4 Rxa3 40. Kd3 e4+ 41. Kd4 e3 42. Kxe3 Rxc3+ 43.
Kd4 Rb3 44. Kc4 Rg3 45. Rh7 a6 46. Rh6 Rg2 47. Rg6 Rc2+ 48. Kb3 Rh2 49. Rh6 Rg2 50. Rh5 Rg3+ 51. Kc4 e5 52. g5 e4 53. h4 e3 54.
Kd3 Ke5 55. Rh6 Kf4 56. Rf6+ Ke5 57. Ke2 Ke4 58. Re6+ Kd4 59. Rxc6 Rg2+ 60. Ke1 Rg1+ 61. Ke2 Rg2+ 62. Ke1 Rg1+ 63. Ke2 Rg2+ 1/2-1/2

[Event "*** Titled Tuesday Blitz"]
[Site "Chess.com"]
[Date "2020.10.20"]
[Round "5"]
[White "SamuelGhimpu2003"]
[Black "jlucasvf"]
[Result "0-1"]
[WhiteElo "2577"]
[BlackElo "2793"]
[TimeControl "180+1"]
[EndTime "10:58:26 PDT"]
[Termination "jlucasvf won by resignation"]

1. d4 g5 2. Bxg5 c5 3. c3 Qb6 4. Nf3 Qxb2 5. Nbd2 Qb6 6. e3 Bg7 7. Bd3 Nf6 8. O-O O-O 9. e4 h6 10. Bh4 d6 11. Qe2 cxd4 12. cxd4 Nh5 13. Qe3 Nc6 14.
Nc4 Qd8 15. d5 Ne5 16. Nfxe5 dxe5 17. Rad1 b5 18. d6 f6 19. Nxe5 exd6 20. Bxb5 dxe5 21. Rxd8 Rxd8 22. Qb3+ Kh7 23. Bc6 Ba6 24. Bxa8 Bxf1 25. Bd5 Be2 26. Qe3 Nf4 27. g3 Nxd5 28. Qxe2 Nb4 29.
a3 Nc6 30. Qa6 Rd6 31. Kg2 Kg6 32. Qc8 Nd4 33. Qe8+ Kh7 34. Qe7 Ra6 35. f4 Rc6 36. f5 a5 37. g4 Rc2+ 38. Kf1 Rc1+ 39. Kf2 Rc2+ 40. Ke1 Rc6 41. Kd1 Rb6 42. Bf2 Rb1+ 43. Kd2 Rb2+ 44. Ke1 Rb1+ 45. Kd2 Rb2+ 46. Ke1 Nf3+ 47.
Kf1 Nxh2+ 48. Kg2 Nxg4 49. Qf7 Nxf2 50. Qg6+ Kg8 51. Qe8+ Bf8 52. Qg6+ Kh8 53. Qxf6+ Bg7 54. Qg6 Nxe4+ 55. Kf3 Nf6 56. Qf7 e4+ 57. Kf4 Rb8 58. Qa7 Rf8 59. Qxa5 Re8 60. Ke3 Ng4+ 61. Kf4 e3 62. Kxg4 e2 63. Qe1 Kh7 64. Kh5 Bc3 65. Qg3 e1=Q 66. Qg6+ Kh8 67. Qxh6+ Kg8 68. Qg6+ Bg7 69. f6 Qe5+ 70. Kh4 0-1

[Event "*** Titled Tuesday Blitz"]
[Site "Chess.com"]
[Date "2020.10.20"]
[Round "5"]
[White "Azatic"]
[Black "Andrii_Prydun"]
[Result "1-0"]
[WhiteElo "2567"]
[BlackElo "2382"]
[TimeControl "180+1"]
[EndTime "10:58:27 PDT"]
[Termination "Azatic won by checkmate"]

1. e4 d5 2. exd5 Qxd5 3. Nc3 Qd6 4. Nf3 Nf6 5. d4 c6 6. Ne5 Nbd7 7. Nc4 Qc7 8. g3 Nb6 9. Bf4 Qd8 10. Ne5 e6 11. Qd2 Nbd5 12. Bg2 Nxf4 13. Qxf4 Bd6 14. Ne4 O-O 15.
Nxd6 Qxd6 16. O-O-O Bd7 17. Kb1 Qe7 18. h4 Rfd8 19.
h5 h6 20. g4 Be8 21. g5 hxg5 22. Qxg5 Nd5 23. Qg3 Kh7 24. Bxd5 Rxd5 25. Rhg1 f6 26. Ng6 Qf7 27. Nf4 Rg5 28. Qd3+ Kh6 29. Nh3 Rxh5 30.
Nf4 Rh4 31. Rh1 g5 32. Rxh4+ gxh4 33. Rg1 f5 34. Qh3 Qf6 35. Qe3 Kh7 36. Nxe6 Bg6 37.
Ng5+ Kh8 38. Qf4 Re8 39. Qxh4+ Kg7 40. a3 f4 41. Qg4 Qf5 42. Qd1 Kf6 43. Nf3 Bh5 44. Rh1 Qg4 45. d5 Qxf3 46. Qd4+ Kf7 47. Rg1 Rg8 48. Re1 Qxd5 49. Qxf4+ Kg6 50. Rg1+ Kh7 51.
Qc7+ Kh6 52. Qf4+ Rg5 53. Re1 Qf5 54. Qd6+ Bg6 55. Qd8 Rh5 56. Ka1 Qf7 57. Qd2+ Kg7 58. f4 Rf5 59. Qc3+ Rf6 60. Qh3 Rf5 61. Rh1 Rxf4 62.
Qh8# 1-0

[Event "*** Titled Tuesday Blitz"]
[Site "Chess.com"]
[Date "2020.10.20"]
[Round "5"]
[White "SARGISMV"]
[Black "MaxLeto"]
[Result "1/2-1/2"]
[WhiteElo "2504"]
[BlackElo "2345"]
[TimeControl "180+1"]
[EndTime "10:58:28 PDT"]
[Termination "Game drawn by repetition"]

1. d4 Nf6 2. c4 g6 3. Nc3 Bg7 4. e4 d6 5. Nf3 O-O 6. Be2 e5 7.
O-O Nc6 8. d5 Ne7 9. Ne1 Nd7 10.
Nd3 f5 11. Bd2 Nf6 12. f3 c5 13. Rb1 f4 14. b4 b6 15. bxc5 bxc5 16. g4 fxg3 17.
hxg3 Rf7 18. Kg2 Qf8 19. Nb5 Ne8 20. Rh1 h5 21. Bg5 Bh6 22. Qd2 Bxg5 23. Qxg5 Qg7 24. Rb3 Rb8 25. Nxa7 Rxb3 26. axb3 Bd7 27. Ra1 Nf6 28.
Ra6 Nh7 29. Qe3 Qf6 30. Nc6 Ng5 31. Nxe7+ Qxe7 32. Ra7 h4 33. Rxd7 h3+ 34. Kh2 Nxf3+ 35. Bxf3 Qxd7 36. g4 Qe7 37. Kxh3 Qf8 38. Kg2 Kg7 39. Nf2 Qb8 40. Nh3 Qb4 41. Ng5 Rb7 42. Kg3 Qxb3 43. Qg1 Qb1 44. Qh2 Qe1+ 45. Qf2 Qxf2+ 46.
Kxf2 Rb2+ 47. Be2 Rc2 48. Ne6+ Kf6 49. Nd8 Ke7 50. Nc6+ Kd7 51. Ke3 g5 52. Na7 Rb2 53. Nb5 Rb3+ 54. Kf2 Rb4 55. Nc3 Rb3 56. Nd1 Rb2 57.
Ne3 Rb3 58. Nf5 Rb2 59. Nh6 Ke7 60. Nf5+ Kd7 61. Ke3 Rb3+ 62. Bd3 Rb2 63. Be2 Rb3+ 64. Kf2 Rb2 1/2-1/2

[Event "*** Titled Tuesday Blitz"]
[Site "Chess.com"]
[Date "2020.10.20"]
[Round "5"]
[White "googlegoom"]
[Black "EvgenyRomanov"]
[Result "1-0"]
[WhiteElo "2369"]
[BlackElo "2569"]
[TimeControl "180+1"]
[EndTime "10:58:28 PDT"]
[Termination "googlegoom won by resignation"]

1. Nf3 d5 2. b3 c5 3. Bb2 Nc6 4.
e3 Nf6 5. Be2 e6 6. O-O Bd6 7. d4 O-O 8. Nbd2 b6 9. c4 Bb7 10.
Rc1 cxd4 11. Nxd4 Nxd4 12. Bxd4 e5 13. Bb2 d4 14. exd4 exd4 15. Bf3 Bxf3 16. Nxf3 d3 17.
Bxf6 Qxf6 18. Qxd3 Rad8 19. Qc2 g5 20. h3 h5 21. Rfd1 g4 22. hxg4 hxg4 23. Nh2 g3 24. fxg3 Kg7 25. Nf3 Bc5+ 26. Kf1 Qh6 27. Qc3+ f6 28. Nh4 Qh5 29. Rxd8 Rxd8 30. Re1 Kf7 31. Qf3 Qg5 32. Qf4 Rd2 33. Qc7+ Kf8 34. Qc8+ Kg7 35. Nf5+ Kg6 36. Nh4+ Kf7 37. Qe8+ Kg7 38. Re7+ Bxe7 39. Qxe7+ Kg8 40. Qe8+ Kg7 41. Qe7+ Kg8 42. Qe8+ Kh7 43. Qe4+ Kh6 44. Nf5+ Kh5 45. Qf3+ Qg4 46. Ng7+ Kg5 47.
Qe3+ Kg6 48. Qxd2 Kxg7 49. Qe2 Qd4 50. Qf2 Qd1+ 51. Qe1 Qd4 52. Qe2 Kg6 53. g4 Kg5 54. g3 Qc3 55. Kg2 a5 56. Qf2 Qe5 57. Qf5+ Qxf5 58. gxf5 Kxf5 59. Kf3 Kg5 60. a3 f5 61.
b4 axb4 62. axb4 Kf6 63. c5 bxc5 64. bxc5 Ke6 65. Kf4 Kd5 66. Kxf5 Kxc5 67. g4 1-0

[Event "*** Titled Tuesday Blitz"]
[Site "Chess.com"]
[Date "2020.10.20"]
[Round "5"]
[White "sergeikim"]
[Black "lucachess49"]
[Result "1-0"]
[WhiteElo "2540"]
[BlackElo "2375"]
[TimeControl "180+1"]
[EndTime "10:58:29 PDT"]
[Termination "sergeikim won by resignation"]

1. d4 Nf6 2. c4 e6 3. Nc3 Bb4 4. Qc2 O-O 5. a3 Bxc3+ 6. Qxc3 d6 7. Nf3 Nbd7 8. g3 Qe7 9. Bg2 Ne4 10. Qc2 f5 11. O-O Ndf6 12. Ne1 d5 13. c5 Nd7 14. f3 Nef6 15. Nd3 e5 16. e3 e4 17. Nf4 c6 18. b4 g5 19. Ne2 exf3 20. Bxf3 Ne4 21.
Bg2 Ndf6 22. Nc3 Nxc3 23. Qxc3 Qf7 24. Qb2 Qh5 25. b5 Ng4 26. h3 Nf6 27. a4 Be6 28. Ra2 Ne4 29. Kh2 Kh8 30. Qe2 Qh6 31. Qe1 Rae8 32. Rb2 f4 33. exf4 Bxh3 34. fxg5 Rxf1 35.
Qxf1 Bxg2+ 36. Kxg2 Qh5 37. Qf3 Qg6 38. Re2 Kg8 39. Qf4 Rf8 40. Qe5 h6 41. gxh6 Rf5 42. Qb8+ Kh7 43. Bf4 Rf7 44. Qe5 Rf5 45. Qe7+ Rf7 46.
Qe8 Rf6 47. Qxg6+ Kxg6 48. bxc6 bxc6 49. Be5 Rf7 50. Bf4 Rf6 51. Kf3 Rf7 52. Rxe4 dxe4+ 53. Kxe4 Re7+ 54. Kd3 Rb7 55. Kc4 Rb1 56. d5 cxd5+ 57. Kxd5 Ra1 58. c6 Rd1+ 59. Kc5 Rb1 60. c7 a5 61. c8=Q Rc1+ 62. Bxc1 1-0

[Event "*** Titled Tuesday Blitz"]
[Site "Chess.com"]
[Date "2020.10.20"]
[Round "5"]
[White "tteshan"]
[Black "bait_or_mate"]
[Result "0-1"]
[WhiteElo "2390"]
[BlackElo "2595"]
[TimeControl "180+1"]
[EndTime "10:58:32 PDT"]
[Termination "bait_or_mate won by resignation"]

1. e4 c5 2. Nf3 d6 3. d4 cxd4 4. Qxd4 a6 5. c4 Nc6 6. Qe3 g6 7. Nc3 Bg7 8. h3 Nf6 9. Be2 O-O 10. O-O Bd7 11. Nd5 Nxd5 12. cxd5 Ne5 13. Nd4 Rc8 14. Bd2 Nc4 15. Bxc4 Rxc4 16. Bc3 Qc7 17. Rad1 Rc8 18. f4 b5 19. a3 a5 20. Ne2 Bxc3 21. bxc3 Qc5 22.
Rd4 Qxa3 23. Rxc4 Rxc4 24. Kh1 Qc5 25. Qf3 b4 26. cxb4 axb4 27. f5 Be8 28. fxg6 hxg6 29. Nf4 Rc1 30. h4 Rxf1+ 31. Qxf1 Qe3 32. h5 Qxe4 33.
hxg6 fxg6 34. Ne6 Qh4+ 35. Kg1 Bf7 36. Qd3 Bxe6 37. Qxg6+ Kh8 38. dxe6 b3 39. Qe8+ Kg7 40. Qf7+ Kh6 41. Qf8+ Kh5 42. Qf5+ Kh6 43. Qf8+ Kh5 44. Qf5+ Qg5 45. Qf3+ Qg4 46. Qxb3 Qd4+ 47. Kh2 Qf4+ 48. Kg1 Qd4+ 49. Kh2 Qh4+ 50. Kg1 Qe1+ 51. Kh2 Qe5+ 52. Kg1 d5 53. Qh3+ Kg5 54. Qd3 Qxe6 55. Qg3+ Kf6 56. Qf4+ Qf5 57. Qh6+ Ke5 58. Qd2 e6 59. Qe3+ Qe4 60. Qb6 Qd4+ 61. Qxd4+ Kxd4 62. Kf2 Ke4 63. Ke2 Kf4 64. Kf2 Kg4 65. Ke3 Kg3 66. Kd4 Kxg2 0-1

[Event "*** Titled Tuesday Blitz"]
[Site "Chess.com"]
[Date "2020.10.20"]
[Round "5"]
[White "Alexander_Zubov"]
[Black "swimmerchess"]
[Result "1-0"]
[WhiteElo "2919"]
[BlackElo "2775"]
[TimeControl "180+1"]
[EndTime "10:58:33 PDT"]
[Termination "Alexander_Zubov won by resignation"]

1. d4 Nf6 2. Nf3 g6 3. c4 Bg7 4. Nc3 O-O 5. e4 d6 6. Be2 e5 7. d5 a5 8. Be3 Ng4 9. Bg5 f6 10. Bh4 g5 11. Bg3 Nh6 12. O-O Na6 13. a3 Nc5 14. b4 axb4 15. axb4 Rxa1 16. Qxa1 Nb3 17. Qd1 Nd4 18. Nxd4 exd4 19. Nb5 f5 20. exf5 Nxf5 21. Bg4 Nxg3 22. hxg3 c5 23. Bxc8 Qxc8 24. Nxd6 Qc7 25. Nb5 Qb6 26. Qb3 cxb4 27. Qxb4 d3 28. Qd2 Qg6 29. Rd1 Qf5 30. f3 Qe5 31. Kf2 Re8 32. Qxd3 Qb2+ 33. Qd2 Qb3 34. Nd6 Ra8 35. Ne4 Ra2 36.
d6 Rxd2+ 37. Rxd2 Bf8 38. d7 Be7 39. d8=Q+ Bxd8 40. Rxd8+ Kg7 41. Rd7+ Kg6 42. Rd6+ Kg7 43. c5 g4 44. fxg4 Qc2+ 45. Kf3 Qb3+ 46. Kf4 Qf7+ 47. Ke3 Qb3+ 48. Rd3 Qc4 49. g5 Qc1+ 50. Kd4 Qg1+ 51. Kd5 Qxg2 52. Rb3 Kg6 53. Rxb7 Qa2+ 54. Ke5 Qa8 55.
Rb6+ Kg7 56. Re6 Qb8+ 57. Nd6 Qb2+ 58. Kd5 Qd2+ 59. Kc6 Qg2+ 60. Kd7 Qc2 61. c6 Qa4 62. Rf6 Qa7+ 63. c7 Qa4+ 64. Kd8 Qa8+ 65. c8=Q 1-0

[Event "*** Titled Tuesday Blitz"]
[Site "Chess.com"]
[Date "2020.10.20"]
[Round "5"]
[White "esapunov"]
[Black "TigrVShlyape"]
[Result "1-0"]
[WhiteElo "2771"]
[BlackElo "2863"]
[TimeControl "180+1"]
[EndTime "10:58:36 PDT"]
[Termination "esapunov won on time"]

1. c4 e5 2. Nf3 Nc6 3. Nc3 Nf6 4. e3 Bb4 5. Qc2 Bxc3 6. Qxc3 Qe7 7. a3 a5 8. b3 O-O 9. Bb2 d6 10. d3 Nd7 11. d4 exd4 12. Nxd4 Nxd4 13. Qxd4 f5 14. Be2 Nc5 15. Qd1 Bd7 16. O-O Bc6 17. b4 Ne4 18. Qd4 b6 19. f3 Ng5 20. Bd3 Ne6 21.
Qc3 Qg5 22. Rae1 Rf7 23. Qc2 axb4 24. axb4 Raf8 25. h3 h5 26. Kh2 h4 27. Qf2 Re8 28.
Bc2 Ref8 29. Bb3 Re8 30. Re2 Kh8 31. Rfe1 Rfe7 32. Bc3 Qh5 33. Ra2 Ng5 34. Bd1 Qh6 35.
Ra7 Ne6 36. Bc2 Qh5 37. e4 fxe4 38. Bxe4 Bxe4 39. Rxe4 Kg8 40. Rxh4 Qf5 41. Rg4 Nf4 42. Qg3 Ne6 43. Ra2 Qd3 44. Ba1 Qb1 45. Ra7 Qf5 46.
h4 Rf7 47. Ra3 Rfe7 48. Re3 Qb1 49. Rxe6 Qxa1 50. Rxe7 Rxe7 51. b5 Qe5 52. Qf4 Qxf4+ 53. Rxf4 Re5 54. Rd4 Re2 55. Kh3 Rc2 56. g4 g6 57. Kg3 Kf7 58. Kf4 Kf6 59. Re4 Rc3 60. Rd4 Rc2 61. Ke4 Ke6 62. Kd3 Rc1 63. Re4+ Kf6 64. Rf4+ Kg7 65. Kd4 Rd1+ 66. Ke4 Rd2 67. g5 Rd1 68. Rf6 Re1+ 69. Kd5 Re5+ 70. Kd4 Rc5 71. f4 1-0